 Dungeon Crawl Stone Soup version 0.30.1-1-g62c8e00024 (webtiles) character file.

Game seed: 2928681970426261520

301 ghostyTrickster the Insei (level 6, -11/51 HPs)
             Began as a Draconian Transmuter on July 17, 2023.
             Killed by divine providence
             ... invoked by an orc priest
              (15 damage)
             ... on level 3 of the Dungeon.
             The game lasted 00:46:33 (2708 turns).

ghostyTrickster the Insei (Draconian Transmuter)    Turns: 2708, Time: 00:46:33

Health: -11/51     AC:  6    Str: 15    XL:     6   Next: 14%
Magic:  19/19      EV: 12    Int: 20    God:
Gold:   89         SH:  0    Dex: 13    Spells: 10/11 levels left

rFire   . . .        q - +1 rapier of Extremism {speed, Fly Str+3 Int+6 Stlth+}
rCold   . . .        (no shield)
rNeg    . . .        (body armour unavailable)
rPois   .            (helmet currently unavailable)
rElec   .            (no cloak)
rCorr   .            (no gloves)
SInv    .            d - melded +0 pair of boots
Will    .....        (no amulet)
Stlth   ++           h - ring of magical power
HPRegen 0.28/turn    (no ring)
MPRegen 0.16/turn

%: no passive effects
@: appendages (expiring), flying
A: horns 2, talons 2, AC +6, unfitting armour, cold-blooded
a: End Transformation


You were on level 3 of the Dungeon.
You had temporarily grown beastly horns and talons.
You visited 1 branch of the dungeon, and saw 3 of its levels.

You collected 89 gold pieces.

Inventory:

Hand Weapons
 c - a +0 dagger
 f - a +0 short sword
 j - a +0 club
 k - a +0 sling
 l - a +0 whip
 p - a +0 dagger of flaming
 q - the +1 rapier of Extremism (weapon) {speed, Fly Str+3 Int+6 Stlth+}
   (You found it on level 2 of the Dungeon)

   Str:       It affects your strength (+3).
   Int:       It affects your intelligence (+6).
   Fly:       It grants you flight.
   Stlth:     It makes you more stealthy.
 w - a +0 scythe
Missiles
 g - 24 stones
Armour
 d - a +0 pair of boots (melded)
Magical Staves
 b - a staff of death
Jewellery
 h - a ring of magical power (left hand)
Scrolls
 e - 3 scrolls of magic mapping
 i - a scroll of enchant weapon
 v - a scroll of teleportation {unknown}
 y - a scroll of immolation {unknown}
Potions
 a - a potion of lignification
 t - a potion of haste {unknown}
 x - a potion of brilliance {unknown}


   Skills:
 * Level 3.1 Fighting
 + Level 1.5 Short Blades
 + Level 2.7 Dodging
 + Level 4.2 Unarmed Combat
 + Level 3.2 Spellcasting
 + Level 2.6 Transmutations


You had 10 spell levels left.
You knew the following spells:

 Your Spells              Type           Power      Damage    Failure   Level
a - Beastly Appendage     Tmut           26%        N/A       4%          1

Your spell library contained the following spells:

 Spells                   Type           Power      Damage    Failure   Level
 Wereblood                Tmut           13%        N/A       7%          2
 Spider Form              Tmut/Pois      8%         N/A       24%         3
 Ice Form                 Ice/Tmut       8%         N/A       63%         4


Dungeon Overview and Level Annotations

Branches:
Dungeon (3/15)

Altars:


Innate Abilities, Weirdness & Mutations

You have temporarily grown beastly horns and talons.
Your plain brown scales are hard. (AC +6)
You cannot fit into any form of body armour.
You are cold-blooded and may be slowed by cold attacks.


Message History

You hit the orc priest but do no damage.
You claw the orc priest. You tail-slap the orc priest.
The orc priest is heavily wounded.
Something hits you but does no damage. The orc priest barely misses you.
Something hits you but does no damage. The orc priest closely misses you.
You are too injured to fight recklessly!
You hit the orc priest.
The orc priest is almost dead.
Something barely misses you.
The orc priest calls upon Beogh to heal the orc priest.
The orc priest is healed somewhat.
Something hits you.
* * * LOW HITPOINT WARNING * * *
The orc priest hits you with a +0 club.
* * * LOW HITPOINT WARNING * * *
You feel better. Something hits you.
The orc priest calls down the wrath of Beogh upon you.
Pain shoots through your body!
* * * LOW HITPOINT WARNING * * *
You hear some strange, mumbled words.
A puff of flame appears from out of thin air!
The puff of flame hits you!
* * * LOW HITPOINT WARNING * * *
The orc priest closely misses you.
You feel better.
Your transformation is almost over.
Something hits you but does no damage.
The orc priest looks encouraged for a moment.
Something hits you but does no damage. The orc priest closely misses you.
You closely miss the orc priest. You headbutt the orc priest.
You tail-slap the orc priest, but do no damage.
The orc priest is severely wounded.
You barely miss the orc priest. Your headbutt misses the orc priest.
The orc priest is severely wounded.
The orc priest barely misses you. Something hits you.
* * * LOW HITPOINT WARNING * * *
Something hits you.
* * * LOW HITPOINT WARNING * * *
The orc priest mumbles some strange prayers to Beogh against you.
Beogh smites you!
You die...

......#
...................
......####.#####.#.<.....#
...........#.....#...#.#.#
......######.####......# #
###.### ####.####.##.....#
#.# #............##### #.#
#.............#. #.#
#........{......
#.#####.......@o..###
#.............o{..###.
#######.......).......
#...............
#...............
##########...... ......
######


You could see 2 orc priests.

Vanquished Creatures
  Sigmund (D:2)
  Natasha (D:2)
  Robin (D:2)
  3 adders
  2 worms
  A dart slug (D:1)
  An orc (D:3)
  5 ball pythons
  3 endoplasms
  12 goblins
  4 hobgoblins (D:2)
  8 jackals (D:1)
  4 quokkas
  3 bats
  A frilled lizard (D:1)
  2 kobolds
  6 rats
58 creatures vanquished.

Notes
Turn   | Place    | Note
-------+----------+-------------------------------------------
     0 | D:1      | ghostyTrickster the Draconian Transmuter began the quest
                  | for the Orb.
     0 | D:1      | Reached XP level 1. HP: 16/16 MP: 3/3
   284 | D:1      | Reached XP level 2. HP: 23/23 MP: 3/5
  1034 | D:2      | Reached XP level 3. HP: 28/28 MP: 6/6
  1041 | D:2      | Noticed Robin
  1077 | D:2      | Killed Robin
  1462 | D:2      | Identified the +1 rapier of Extremism {speed, Fly Str+3
                  | Int+6 Stlth+}
  1506 | D:2      | Noticed Natasha
  1512 | D:2      | Killed Natasha
  1513 | D:2      | Reached XP level 4. HP: 36/36 MP: 8/8
  1830 | D:2      | Noticed Sigmund
  2267 | D:2      | Killed Sigmund
  2268 | D:2      | Reached skill level 1 in Short Blades
  2268 | D:2      | Reached skill level 4 in Unarmed Combat
  2268 | D:2      | Reached XP level 5. HP: 32/45 MP: 9/9
  2268 | D:2      | Reached XP level 6. HP: 36/51 MP: 10/10
  2705 | D:3      | HP: 1/51 [something/puff of flame (7)]
  2708 | D:3      | Killed from afar by an orc priest

Illustrated notes

Levels and vault maps discovered:
D:1:      lordsloth_arrival_two_stooges, layout_basic
D:2:      layout_basic, serial_corexii_hall, chequers_hall_statues_y,
          chequers_hall_statues_y, uniq_natasha, uniq_sigmund, uniq_robin
D:3:      layout_basic, interstate_on_off, minmay_lizard_king, uniq_terence

Skill      XL: |  1  2  3  4 |
---------------+-------------+-----
Dodging        | 2 |  2.7
Fighting       | 3 |  3.1
Short Blades   | 1 |  1.5
Unarmed Combat | 4 |  4.2
Spellcasting   | 3 |  3.2
Transmutations | |  2.6

Action                     |  1- 3 |  4- 6 || total
---------------------------+-------+-------++-------
  Melee: Unarmed           |    32 |       ||    32
         Kick              |    20 |    17 ||    37
         Tailslap          |    10 |     4 ||    14
         Staff             |    14 |       ||    14
         Short sword       |    46 |       ||    46
         Dagger            |     6 |       ||     6
         Headbutt          |     8 |     8 ||    16
         Punch             |     3 |     1 ||     4
         Rapier            |    11 |    49 ||    60
   Cast: Beastly Appendage |    23 |    10 ||    33
    Use: Scroll            |     4 |     2 ||     6
         Potion            |       |     3 ||     3
   Stab: Sleeping          |     1 |     1 ||     2
 Armour: Skin              |    40 |    16 ||    56
  Dodge: Dodged            |    76 |    25 ||   101
